 Dungeon Crawl Stone Soup version 0.31.0-9-g3a7656b989 (webtiles) character file.

Game seed: 9604139525263045888

10 qw the Shooter (level 2, -4/16 HPs)
             Began as a Deep Elf Hunter on Feb 2, 2024.
             Slain by a kobold
             ... wielding a +1 whip of electrocution
              (17 damage)
             ... on level 1 of the Dungeon.
             The game lasted 00:00:00 (409 turns).

qw the Shooter (Deep Elf Hunter)                     Turns: 409, Time: 00:00:01

Health: -4/16      AC:  3    Str:  8    XL:     2   Next: 10%
Magic:  4/4        EV: 12    Int: 13    God:
Gold:   12         SH:  0    Dex: 18    Spells: 1/1 levels left

rFire   . . .        a - +0 shortbow
rCold   . . .        (shield currently unavailable)
rNeg    + . .        c - +0 leather armour
rPois   .            (no helmet)
rElec   .            (no cloak)
rCorr   .            (no gloves)
SInv    .            (no boots)
Will    .....        (no amulet)
Stlth   ++           h - ring of positive energy
HPRegen 0.22/turn    (no ring)
MPRegen 0.09/turn

%: no passive effects
@: no status effects
A: no striking features
a: no special abilities


You were on level 1 of the Dungeon.
You visited 1 branch of the dungeon, and saw 1 of its levels.

You collected 12 gold pieces.


   Skills:
 - Level 1.5 Fighting
 + Level 6.0 Ranged Weapons
 - Level 2.4 Dodging
 - Level 1.2 Stealth


You had one spell level left.
You didn't know any spells.
Your spell library was empty.

Inventory:

Hand Weapons
 a - a +0 shortbow (weapon)
Armour
 c - a +0 leather armour (worn)
Jewellery
 h - a ring of positive energy (left hand)
Potions
 d - a potion of curing
 g - a potion of magic

Dungeon Overview and Level Annotations

Branches:
Dungeon (1/15)

Altars:
Okawaru


Message History

Your Ranged Weapons skill increases to level 6!
There is an open door here.
g - 2 metallic silvery potions
h - a ring of positive energy You open the door.
There is an open door here.
A hobgoblin comes into view.
You shoot an arrow. The arrow hits the hobgoblin.
You kill the hobgoblin!
A kobold comes into view.
It is wielding a +1 whip of electrocution.
Enter note: A kobold is nearby!
401 ||| UPGRADING to ring of positive energy.
h - a ring of positive energy (left hand)
A kobold is nearby!
402 ||| READING scroll labelled WYCICO BAUF.
As you read the scroll labelled WYCICO BAUF, it crumbles to dust.
It is a scroll of identify.
402 ||| IDENTIFYING green potion;
d - a potion of curing A kobold is nearby!
403 ||| READING scroll labelled TEDEMUE EVUORCH.
As you read the scroll labelled TEDEMUE EVUORCH, it crumbles to dust.
It is a scroll of amnesia.
You feel forgetful for a moment.
The kobold shouts!
A kobold is nearby!
404 ||| DRINKING 2 metallic silvery potions.
It was a potion of magic.
Magic courses through your body.
A kobold is nearby!
405 ||| DROPPING scroll of butterflies.
You drop a scroll of butterflies.
You shoot an arrow. The arrow barely misses the kobold.
You shoot an arrow.
The arrow hits the kobold but does no damage.
You shoot an arrow. The arrow barely misses the kobold.
The kobold barely misses you.
You shoot an arrow. The arrow hits the kobold.
The kobold is severely wounded.
The kobold hits you with a +1 whip of electrocution.
You are electrocuted!
Ouch! That really hurt!
You die...

#..................##............
#.#####............##..........#.
### #............##..........#.
.............##..........#.
#............#####.......#.
.............# #........#
.............# #........#
.#.....#.....#####.........
.###K@.....##.........
....#...####.#######....
.......## # #.... .?.....
#####.... ....... ..........
....#.. .......... ...###.
.#.#...... .#..#.. ..........
.#........


You could see a kobold.

Vanquished Creatures
  A dart slug (D:1)
  A ball python (D:1)
  2 bats (D:1)
  2 hobgoblins (D:1)
  A kobold (D:1)
  A rat (D:1)
8 creatures vanquished.

Notes
Turn   | Place    | Note
-------+----------+-------------------------------------------
     0 | D:1      | qw the Deep Elf Hunter began the quest for the Orb.
     0 | D:1      | Reached XP level 1. HP: 12/12 MP: 3/3
     0 | D:1      | 0 ||| qw: Version: 0.3-a-155-g5e7d8dd
     0 | D:1      | 0 ||| qw: Game counter: 2401
     0 | D:1      | 0 ||| qw: Melee chars always use a shield: true
     0 | D:1      | 0 ||| qw: God list: Okawaru
     0 | D:1      | 0 ||| qw: Allow faded altars: false
     0 | D:1      | 0 ||| qw: Do Orc after clearing Dungeon:15 true
     0 | D:1      | 0 ||| qw: Do second Lair branch before Depths: true
     0 | D:1      | 0 ||| qw: Lair rune preference: random
     0 | D:1      | 0 ||| qw: Goals: Normal
     0 | D:1      | 0 ||| PLANNING D:1-11
     0 | D:1      | Found an iron altar of Okawaru.
     1 | D:1      | 1 ||| PLANNING OKAWARU WORSHIP
   310 | D:1      | Reached XP level 2. HP: 16/16 MP: 4/4
   311 | D:1      | Reached skill level 6 in Ranged Weapons
   401 | D:1      | 401 ||| UPGRADING to ring of positive energy.
   402 | D:1      | 402 ||| READING scroll labelled WYCICO BAUF.
   402 | D:1      | 402 ||| IDENTIFYING green potion
   403 | D:1      | 403 ||| READING scroll labelled TEDEMUE EVUORCH.
   404 | D:1      | 404 ||| DRINKING 2 metallic silvery potions.
   405 | D:1      | 405 ||| DROPPING scroll of butterflies.
   409 | D:1      | Slain by a kobold

Levels and vault maps discovered:
D:1:      sevenhm_arrival_forest_fort_small_6, layout_basic,
          hellmonk_ecumenical_altar_blasted, minmay_strange_pillars,
          dk_noncrumbling_4

Skill      XL: |  1  2 |
---------------+-------+-----
Ranged Weapons | 6 |  6.0
Fighting       | |  1.5
Dodging        | |  2.4
Stealth        | |  1.2

Action                     || total
---------------------------++-------
   Fire: Shortbow          ||    21
    Use: Scroll            ||     2
         Potion            ||     1
 Armour: Leather armour    ||     3
  Dodge: Dodged            ||     2

Table legend:
 A = Non-vault XP
 B = Vault XP
 C = Vault XP percentage of total XP
 D = Non-vault monster count
 E = Vault monster count
 F = Vault count percentage of total count
                 A         B        C        D         E       F
            +---------+---------+-------+---------+---------+-------
      Total |      15 |       0 |   0.0 |       8 |       0 |   0.0
            +---------+---------+-------+---------+---------+-------
        D:1 |      15 |       0 |   0.0 |       8 |       0 |   0.0
            +---------+---------+-------+---------+---------+-------
